 Dungeon Crawl Stone Soup version 0.30.1-11-g7821555f0a (webtiles) character file.

Game seed: 15276702227479457644

45710 Okkudo the Severer (level 14, -6/126 HPs)
             Began as a Hill Orc Monk on Dec 3, 2023.
             Was the Champion of Beogh.
             Mangled by a yaktaur (11 damage)
             ... on level 14 of the Dungeon on Dec 4, 2023.
             The game lasted 01:46:31 (22606 turns).

Okkudo the Severer (Hill Orc Monk)                 Turns: 22606, Time: 01:46:31

Health: -6/126     AC: 25    Str: 24    XL:     14   Next: 34%
Magic:  23/23      EV:  7    Int: 12    God:    Beogh [******]
Gold:   2224       SH: 12    Dex: 13    Spells: 13/13 levels left

rFire   + . .        u - +3 broad axe (chaos)
rCold   . . .        X - +1 kite shield
rNeg    . . .        y - +2 plate armour
rPois   .            (no helmet)
rElec   .            (no cloak)
rCorr   .            k - +2 pair of gloves
SInv    .            F - +0 pair of boots
Will    +....        O - amulet of Hufaturr {Faith *Slow Str+5 Int+2} Stlth
                     r - +4 ring of protection
HPRegen 0.41/turn    J - ring of protection from fire
MPRegen 0.18/turn

%: slow self (1%), faith
@: studying Earth Magic
A: walk on water
a: Renounce Religion, Smiting, Recall Orcish Followers, Give Item to Named
Follower, Resurrection


You were on level 14 of the Dungeon.
You worshipped Beogh.
Beogh was exalted by your worship.
You visited 2 branches of the dungeon, and saw 19 of its levels.
You also visited: Ossuary.

You collected 2224 gold pieces.

Inventory:

Hand Weapons
 u - a +3 broad axe of chaos (weapon)
 E - a +1 scythe of venom
 M - a +0 halberd of draining
 N - a +5 spear
Missiles
 n - 42 poisoned darts (quivered)
 T - 3 silver javelins
Armour
 k - a +2 pair of gloves (worn)
 y - a +2 plate armour (worn)
 F - a +0 pair of boots (worn)
 W - a +1 pair of gloves
 X - a +1 kite shield (worn)
Jewellery
 c - a ring of flight
 r - a +4 ring of protection (left hand)
 H - a ring of ice
 J - a ring of protection from fire (right hand)
 L - an amulet of regeneration
 O - the amulet of Hufaturr (around neck) {Faith *Slow Str+5 Int+2}
   (You found it on level 4 of the Lair of Beasts)

   [amulet of faith]

   It allows you to gain divine favour quickly.
   Str:       It affects your strength (+5).
   Int:       It affects your intelligence (+2).
   *Slow:     It may slow you when you take damage.
 R - an amulet of reflection
Wands
 q - a wand of paralysis (12)
 t - a wand of digging (6)
 B - a wand of acid (11)
 C - a wand of iceblast (13)
 G - a wand of flame (16)
 K - a wand of mindburst (31)
Scrolls
 e - 5 scrolls of fear
 f - 5 scrolls of magic mapping
 g - a scroll of immolation
 h - 6 scrolls of teleportation
 v - 2 scrolls of silence
 A - 2 scrolls of torment
 D - 3 scrolls of poison
 P - 4 scrolls of fog
 Y - 2 scrolls of vulnerability
Potions
 a - 4 potions of brilliance
 b - 7 potions of curing
 i - 2 potions of attraction
 j - 7 potions of haste
 l - 2 potions of invisibility
 m - a potion of mutation {unknown}
 o - 5 potions of heal wounds
 p - 6 potions of lignification
 w - a potion of resistance {unknown}
 x - 2 potions of cancellation {unknown}
 z - a potion of might {unknown}
 I - 3 potions of berserk rage
 V - 2 potions of magic {unknown}
Miscellaneous
 d - a phial of floods
 S - a phantom mirror


   Skills:
 + Level 12.2 Fighting
 - Level 19.3 Axes
 + Level 10.7 Armour
 - Level 2.4 Dodging
 * Level 11.3 Shields
 + Level 12.6 Invocations


You had 13 spell levels left.
You didn't know any spells.
Your spell library contained the following spells:

 Spells                   Type           Power      Damage    Failure   Level
 Necrotise                Necr           0%         1d4       99%         1
 Slow                     Hex            0%         N/A       99%         1
 Ensorcelled Hibernation  Hex/Ice        0%         N/A       100%        2
 Passwall                 Tmut/Erth      0%         N/A       100%        2
 Scorch                   Fire           0%         2d5       100%        2
 Confusing Touch          Hex            0%         N/A       100%        3
 Dazzling Flash           Conj/Hex       0%         N/A       100%        3
 Inner Flame              Hex/Fire       0%         N/A       100%        3
 Summon Guardian Golem    Hex/Summ       0%         N/A       100%        3
 Swiftness                Air            0%         N/A       100%        3
 Vampiric Draining        Necr           0%         2d6       100%        3
 Flame Wave               Conj/Fire      0%         2d4       100%        4
 Passage of Golubria      Tloc           0%         N/A       100%        4
 Sticky Flame             Conj/Fire      0%         2d3       100%        4
 Agony                    Necr           0%         N/A       100%        5
 Blade Hands              Tmut           0%         N/A       100%        5
 Irradiate                Conj/Tmut      0%         3d11      100%        5
 Silence                  Hex/Air        0%         N/A       100%        5
 Summon Cactus Giant      Summ           0%         N/A       100%        6
 Dragon Form              Tmut           0%         N/A       100%        7
 Orb of Destruction       Conj           0%         9d5       100%        7
 Spellforged Servitor     Conj/Summ      0%         N/A       100%        7
 Lehudib's Crystal Spear  Conj/Erth      0%         10d2      100%        8
 Chain Lightning          Conj/Air       0%         N/A       100%        9
 Fire Storm               Conj/Fire      0%         5d1       100%        9
 Shatter                  Erth           0%         3d5*      100%        9


Dungeon Overview and Level Annotations

Branches:
Dungeon (14/15)            Temple (0/1) D:5            Lair (5/5) D:11
 Shoals (0/4) Lair:3        Snake (0/4) Lair:3        Slime (0/5) Lair:5
    Orc (0/2) D:10         Vaults (0/5) D:13        Ossuary (visited)

Altars:
Ashenzari
Dithmenos
Elyvilon
Fedhas
Gozag
Kikubaaqudgha
Makhleb
Okawaru
Qazlal
Sif Muna
Trog
Xom
Yredelemnul
The Shining One
Jiyva

Shops:
D:3 (

Portals:
Trove: D:11 (show slimy rune of Zot)
Gauntlet: D:14

Annotations:
D:14 1 runed translucent door, Peavierr's ghost, journeyman DsHu
Lair:3 exclusion: orc knight


Message History

The bolt hits you but does no damage.
The yaktaur wields a +0 arbalest.
The yaktaur shoots a bolt.
The bolt hits you.
The yaktaur shoots a bolt.
The bolt hits you!
Berold roars a battlecry!
Arbolt goes into a battle-frenzy!
The yaktaur wields a +0 arbalest.
The yaktaur shoots a bolt.
You block the bolt.
The yaktaur wields a +0 arbalest.
The yaktaur shoots a bolt.
The bolt hits you but does no damage.
Arbolt roars a battlecry!
Berold goes into a battle-frenzy!
The yaktaur shoots a bolt.
The bolt hits you!!
The yaktaur shoots a bolt.
The bolt hits you but does no damage.
You hear the thunderous beating of a distant drum.
The yaktaur shoots a bolt.
The bolt hits you!
Berold shoots a bolt.
The bolt hits the yaktaur!
You slash the yaktaur!
The yaktaur easily resists.
The yaktaur is moderately wounded.
You hit the yaktaur but do no damage.
Arbolt shoots a bolt.
The bolt completely misses the yaktaur.
The yaktaur shoots a bolt.
The bolt hits you!
The yaktaur unwields a +0 arbalest.
You block the yaktaur's attack.
The yaktaur unwields a +0 arbalest.
The yaktaur hits you!
* * * LOW HITPOINT WARNING * * *
The yaktaur shoots a bolt.
The bolt hits you!
* * * LOW HITPOINT WARNING * * *
You barely miss the yaktaur.
The yaktaur is moderately wounded.
You hit the yaktaur. You slash the yaktaur!
The yaktaur seems to speed up.
Berold shoots a bolt.
The bolt hits the yaktaur!!!
The yaktaur dies!
Beogh accepts your kill.
The yaktaur shoots a bolt.
The bolt misses you.
The yaktaur shoots a bolt.
The bolt hits you!!
* * * LOW HITPOINT WARNING * * *
You completely miss the yaktaur.
The yaktaur is moderately wounded.
You slash the yaktaur! You drain the yaktaur.
The yaktaur hits you but does no damage.
The yaktaur unwields a +0 arbalest.
The yaktaur hits you!
You die...

#...# #...#
#######...#####
...............
...............
.......oo......
...............
...............
##+##.c@.......
#|W(#..c)c.....
##. #c.........
# #...........
..........<..
.>............
...............
########.......


You could see 4 yaktaurs, the friendly Arbolt the orc warlord (strong) and the
friendly Berold the orc warlord (strong).

Vanquished Creatures
  A catoblepas (Lair:5)
  A boulder beetle (Lair:1)
  A two-headed ogre (D:12)
  An anaconda (Lair:5)
  A skeletal warrior (D:14)
  A deep elf pyromancer (D:13)
  2 cyclopes
  2 manticores
  A black mamba (Lair:2)
  2 elephants
  7 cane toads
  Maggie (Lair:2)
  3 rime drakes
  A torpor snail (Lair:5)
  3 komodo dragons
  A kobold demonologist (D:12)
  A troll (D:13)
  8 polar bears (Lair:5)
  A meliai (D:14)
  A raiju (Lair:5)
  4 blink frogs
  5 dream sheep
  2 slime creatures (D:12)
  A shadow (D:10)
  6 yaks
  A vampire (D:12)
  3 wyverns
  A basilisk (Lair:3)
  A steam dragon (D:7)
  A vampire mosquito (D:13)
  3 wargs (Lair:5)
  8 hell hounds (Lair:5)
  8 water moccasins
  An orc warrior (D:11)
  4 ice beasts
  6 black bears (Lair:5)
  15 wolves
  7 ogres
  2 boggarts (Lair:5)
  6 centaurs
  2 kobold brigands
  2 bullfrogs
  A scorpion (D:6)
  5 wights
  2 killer bees (D:9)
  4 howler monkeys
  An electric eel (Lair:4)
  2 jellies
  3 hounds
  2 gnoll boudas (D:6)
  Jessica (D:3)
  A sleepcap (D:5)
  3 iguanas
  2 orc wizards
  Robin (D:3)
  8 mummies (Ossuary)
  9 gnolls
  15 adders
  2 white imps (D:5)
  2 ufetubi (D:5)
  4 worms
  2 dart slugs
  7 orcs
  2 bats (D:3)
  2 endoplasms
  6 giant cockroaches
  A gnoll zombie (Ossuary)
  20 goblins
  7 hobgoblins
  2 quokkas (D:5)
  9 ball pythons
  3 frilled lizards
  4 hobgoblin zombies (Ossuary)
  8 kobolds
  2 kobold zombies (Ossuary)
  An orc zombie (Ossuary)
  7 rats
280 creatures vanquished.

Vanquished Creatures (collateral kills)
  2 hydras
  Fannar (Lair:1)
  A catoblepas (Lair:5)
  A boulder beetle (D:12)
  2 centaur warriors
  2 two-headed ogres
  3 skeletal warriors (D:14)
  Lodul (D:13)
  A skyshark (Lair:5)
  An orange crystal statue (D:9)
  An orc warrior (D:9)
  An ugly thing (D:10)
  6 elephants
  A cyclops (D:14)
  2 gargoyles
  4 black mambas
  An ice statue (D:9)
  5 cane toads
  Psyche (D:12)
  2 kobold demonologists (D:12)
  2 komodo dragons
  A rime drake (Lair:1)
  A yaktaur (D:14)
  A merfolk (shapeshifter) (D:13)
  4 trolls
  2 meliai (D:14)
  7 polar bears (Lair:5)
  A wind drake (Lair:3)
  A hornet (D:9)
  3 raiju (Lair:5)
  22 blink frogs
  A slime creature (D:12)
  3 dream sheep (Lair:3)
  25 yaks
  Sigmund (D:5)
  A wraith (D:12)
  4 wyverns
  An orc priest (D:9)
  A steam dragon (D:6)
  8 basilisks
  3 vampire mosquitoes
  Menkaure (D:5)
  An acid dragon (D:9)
  3 wargs (Lair:5)
  14 water moccasins
  3 hell hounds (Lair:5)
  An ice beast (D:8)
  2 boggarts (Lair:5)
  6 black bears
  5 ogres
  13 wolves
  4 centaurs
  A phantom (D:4)
  4 kobold brigands (D:12)
  7 bullfrogs
  A scorpion (D:5)
  7 wights
  9 killer bees (D:9)
  3 howler monkeys
  2 gnoll boudas
  An iguana (D:5)
  6 orc wizards
  6 gnolls
  An adder (D:5)
  3 white imps
  9 orcs
  2 hobgoblins
  8 kobolds
255 creatures vanquished.

Vanquished Creatures (others)
  An orc priest (Lair:2)
  An orc knight (D:12)
  3 black mambas (Lair:3)
  A cane toad (Lair:3)
  A golden eye (Lair:5)
  2 water moccasins (Lair:3)
  2 orc warriors
  A blink frog zombie (Lair:3)
  2 orc wizards
  A gnoll (D:6)
  19 orcs
34 creatures vanquished.

Grand Total: 569 creatures vanquished

Notes
Turn   | Place    | Note
-------+----------+-------------------------------------------
     0 | D:1      | Okkudo the Hill Orc Monk began the quest for the Orb.
     0 | D:1      | Reached XP level 1. HP: 19/19 MP: 1/1
   291 | D:1      | Reached XP level 2. HP: 25/27 MP: 2/2
   537 | D:1      | Reached skill level 5 in Axes
   896 | D:2      | Reached XP level 3. HP: 24/33 MP: 3/3
  1312 | D:2      | Reached skill level 6 in Axes
  1471 | D:2      | Reached XP level 4. HP: 40/40 MP: 4/4
  1852 | D:3      | Found Dunugono's Weapon Shoppe.
  1913 | D:3      | Reached skill level 7 in Axes
  1914 | D:3      | Became a worshipper of Beogh the Brigand
  1914 | D:3      | Reached * piety under Beogh
  1914 | D:3      | Reached ** piety under Beogh
  1943 | D:3      | Reached XP level 5. HP: 43/46 MP: 5/5
  1949 | D:3      | Noticed Robin
  1956 | D:3      | Killed Robin
  2085 | D:3      | Noticed Jessica
  2092 | D:3      | Killed Jessica
  2093 | D:3      | Reached skill level 8 in Axes
  2226 | D:3      | Reached XP level 6. HP: 52/52 MP: 6/6
  2662 | D:4      | Found a sand-covered staircase.
  2669 | Ossuary  | Entered an ossuary
  2675 | Ossuary  | Reached *** piety under Beogh
  2850 | Ossuary  | Reached skill level 9 in Axes
  3157 | D:4      | You fall into a shaft and drop 2 floors!
  3165 | D:5      | Entered Level 5 of the Dungeon
  3165 | D:5      | Found a staircase to the Ecumenical Temple.
  3312 | D:5      | Reached skill level 10 in Axes
  3312 | D:5      | Reached XP level 7. HP: 50/58 MP: 7/7
  3647 | D:4      | Reached **** piety under Beogh
  4156 | D:5      | Reached skill level 11 in Axes
  4229 | D:5      | Gained Nordag as an ally
  4434 | D:5      | Noticed Menkaure
  4437 | D:5      | Killed Menkaure
  4697 | D:5      | Noticed Sigmund
  4703 | D:5      | Killed Sigmund
  4704 | D:5      | Reached skill level 12 in Axes
  4704 | D:5      | Reached XP level 8. HP: 63/66 MP: 8/8
  5005 | D:6      | Reached skill level 13 in Axes
  5226 | D:6      | Reached skill level 14 in Axes
  5264 | D:6      | Gained Berold as an ally
  5478 | D:6      | Reached XP level 9. HP: 58/71 MP: 9/9
  5533 | D:6      | Reached skill level 15 in Axes
  5825 | D:6      | Reached ***** piety under Beogh
  6269 | D:7      | Reached skill level 16 in Axes
  6747 | D:7      | Found a broken altar of Ashenzari.
  7222 | D:8      | Found a shadowy altar of Dithmenos.
  7225 | D:8      | Found a shimmering blue altar of Sif Muna.
  7231 | D:8      | Found a basalt altar of Yredelemnul.
  7233 | D:8      | Found a glowing golden altar of the Shining One.
  7237 | D:8      | Found a bloodstained altar of Trog.
  7240 | D:8      | Found an opulent altar of Gozag.
  7244 | D:8      | Found a white marble altar of Elyvilon.
  7312 | D:8      | Found an iron altar of Okawaru.
  8091 | D:9      | Reached skill level 17 in Axes
  8091 | D:9      | Noticed a two-headed ogre
  8097 | D:9      | Killed a two-headed ogre
  8098 | D:9      | Reached XP level 10. HP: 10/78 MP: 10/10
  8132 | D:9      | Identified a scroll of acquirement
  8162 | D:9      | Reached skill level 18 in Axes
  8617 | D:9      | Found a burning altar of Makhleb.
  8660 | D:9      | Noticed an ice statue
  8675 | D:9      | Killed an ice statue
  8847 | D:9      | Noticed an orange crystal statue
  8872 | D:9      | Killed an orange crystal statue
  8873 | D:9      | Your ally Nordag died
  9159 | D:9      | Gained Arbolt as an ally
  9436 | D:10     | Entered Level 10 of the Dungeon
  9445 | D:10     | Found a staircase to the Orcish Mines.
  9644 | D:10     | Noticed a white ugly thing
  9653 | D:10     | Killed a white ugly thing
  9654 | D:10     | Reached skill level 19 in Axes
  9950 | D:10     | Found a stormy altar of Qazlal.
  9964 | D:10     | Acquired 567 gold pieces
  9965 | D:10     | Acquired a +3 broad axe of venom
 10094 | D:10     | Found a shimmering altar of Xom.
 10095 | D:10     | Found a blossoming altar of Fedhas.
 10096 | D:10     | Found an ancient bone altar of Kikubaaqudgha.
 10577 | D:11     | Found a staircase to the Lair.
 10590 | D:11     | Reached skill level 1 in Invocations
 10783 | D:11     | Reached skill level 1 in Armour
 11446 | D:11     | Found a portal to a secret trove of treasure.
 11851 | D:12     | Noticed a gargoyle
 11861 | D:12     | Killed a gargoyle
 12340 | D:12     | Noticed a kobold demonologist
 12340 | D:12     | Noticed a kobold demonologist
 12341 | D:12     | Noticed a kobold demonologist
 12349 | D:12     | Reached skill level 5 in Fighting
 12390 | D:12     | Reached XP level 11. HP: 42/88 MP: 12/14
 12407 | D:12     | Reached skill level 5 in Invocations
 12874 | D:12     | Noticed Psyche
 12878 | D:12     | Noticed a two-headed ogre
 12880 | D:12     | Killed Psyche
 12886 | D:12     | Killed a two-headed ogre
 13102 | D:12     | Noticed a boulder beetle
 13112 | D:12     | Killed a boulder beetle
 13113 | D:12     | Reached skill level 5 in Armour
 13372 | Lair:1   | Entered Level 1 of the Lair of Beasts
 13449 | Lair:1   | Gained Ugbert as an ally
 13454 | Lair:1   | Your ally Ugbert died
 13964 | Lair:1   | Noticed a boulder beetle
 13973 | Lair:1   | Killed a boulder beetle
 14213 | Lair:1   | Reached XP level 12. HP: 96/103 MP: 18/18
 14215 | Lair:1   | Reached skill level 1 in Shields
 14365 | Lair:1   | Noticed Fannar
 14382 | Lair:1   | Killed Fannar
 14668 | Lair:2   | Noticed Maggie
 14672 | Lair:2   | Killed Maggie
 14796 | Lair:2   | Found an ancient bone altar of Kikubaaqudgha.
 15268 | Lair:2   | Noticed a four-headed hydra
 15279 | Lair:2   | HP: 5/104 [nine-headed hydra (7)]
 15281 | Lair:2   | Killed a nine-headed hydra
 16447 | Lair:3   | Reached skill level 5 in Shields
 16690 | Lair:3   | Found a staircase to the Shoals.
 16702 | Lair:3   | Reached skill level 10 in Fighting
 16704 | Lair:3   | Reached skill level 10 in Invocations
 16940 | Lair:3   | Reached ****** piety under Beogh
 17043 | Lair:3   | Found a staircase to the Snake Pit.
 17457 | Lair:3   | Reached XP level 13. HP: 91/114 MP: 20/20
 18360 | Lair:4   | Identified the amulet of Hufaturr {Faith *Slow Str+5 Int+2}
 18839 | Lair:5   | Entered Level 5 of the Lair of Beasts
 19376 | Lair:5   | Found a viscous altar of Jiyva.
 19376 | Lair:5   | Found a staircase to the Slime Pits.
 19936 | Lair:5   | Reached skill level 10 in Armour
 19938 | Lair:5   | Reached skill level 10 in Shields
 20346 | Lair:5   | Reached XP level 14. HP: 113/125 MP: 23/23
 21089 | D:13     | Noticed Lodul
 21102 | D:13     | Killed Lodul
 22220 | D:13     | Found a gate to the Vaults.
 22343 | D:14     | Found a gate leading to a gauntlet.
 22596 | D:14     | Found a runed translucent door.
 22597 | D:14     | Found a shimmering altar of Xom.
 22597 | D:14     | Noticed Peavierr's ghost (journeyman DsHu)
 22605 | D:14     | HP: 4/126 [yaktaur/bolt (22)]
 22606 | D:14     | Mangled by a yaktaur

Illustrated notes

Levels and vault maps discovered:
D:1:      saegor_arrival_simple_c, layout_loops_ring, solitary_fountain
D:2:      layout_basic
D:3:      layout_basic, serial_shops, shop, chequers_serial_rivers_micro_e,
          uniq_jessica, uniq_robin
D:4:      layout_basic, chequers_ossuary_entry_cave
D:5:      layout_gridville, minmay_temple_entry_overgrown, minmay_manual_moon,
          uniq_menkaure, uniq_sigmund
D:6:      layout_basic, serial_curves, eino_curves_02, eino_curves_02,
          nicolae_benzene_ring, nrook_mini_backslash
D:7:      layout_cave_pools, mainiacjoe_overflow_surrounded_room
D:8:      layout_basic, nicolae_overflow_hallway_of_the_gods,
          okawaru_altar_gauntlet_db
D:9:      minmay_separated_statues, layout_basic, bloody_makhleb
D:10:     layout_cave_pods, mainiacjoe_overflow_alcove_3, orc_0_dummy
D:11:     layout_basic, david_lair_shrubbed, nicolae_trove_entry_crossroad,
          serial_corexii_hall, chequers_hall_statues_corner_a,
          chequers_hall_statues_wall_a
D:12:     layout_long_grid, uniq_psyche
D:13:     layout_layer_cave, david_vaults_1, uniq_lodul
D:14:     layout_long_grid, dk_noncrumbling_4, ebering_ghost_xom,
          gauntlet_entry_generic, serial_glass, glass_columns_a,
          glass_columns_c, minmay_misc_feat_chi
Lair:1:   layout_loops_ring, nzn_random_ring, grunt_megastairs_5, uniq_fannar
Lair:2:   layout_roguey, basic_altar, minmay_shattered_shrine, uniq_maggie
Lair:3:   layout_chaotic_city, minmay_shoals_entry_beasts,
          minmay_snake_entry_six_corridors, lemuel_fruit_tree
Lair:4:   layout_roguey, serial_bayou, serial_bayou_shore_b,
          serial_bayou_shore_a, serial_bayou_pond_c, serial_bayou_pond_b
Lair:5:   hangedman_lair_caniforms_friends, layout_gridlike,
          dpeg_slime_entry_enclosed, kilobyte_rumbling_trees

Skill      XL: |  1  2  3  4  5  6  7  8  9 10 11 12 13 14 |
---------------+-------------------------------------------+-----
Axes           | 5 6 7 8 10 12 14 17 19 | 19.3
Invocations    | 4 8 10 12 | 12.6
Fighting       | 5 8 10 11 12 | 12.2
Armour         | 3 7 8 10 | 10.7
Shields        | 7 10 11 | 11.3
Dodging        | |  2.4

Action                     |  1- 3 |  4- 6 |  7- 9 | 10-12 | 13-15 || total
---------------------------+-------+-------+-------+-------+-------++-------
  Melee: Hand axe          |    87 |       |       |       |       ||    87
         War axe           |     2 |   184 |   184 |    20 |       ||   390
         Broad axe         |       |       |       |   248 |   298 ||   546
         Battleaxe         |       |       |       |    15 |       ||    15
         Punch             |       |       |       |     1 |       ||     1
  Throw: Javelin           |       |       |     3 |     4 |       ||     7
         Dart              |       |       |       |     3 |       ||     3
 Invoke: Convert to Beogh  |       |     1 |       |       |       ||     1
         Give Item to Name |       |       |     2 |     1 |       ||     3
         Recall Orcish Fol |       |       |       |     7 |     2 ||     9
  Evoke: Wand              |       |       |     1 |       |       ||     1
    Use: Scroll            |       |       |     5 |    19 |    11 ||    35
         Potion            |       |       |     2 |     5 |     2 ||     9
   Stab: Confused          |       |       |       |     2 |     1 ||     3
         Distracted        |       |       |       |     3 |     2 ||     5
         Petrified         |       |       |       |       |     4 ||     4
         Petrifying        |       |       |       |       |     1 ||     1
         Paralysed         |       |       |       |       |     5 ||     5
 Armour: Robe              |    19 |     4 |       |       |       ||    23
         Ring mail         |       |    22 |       |       |       ||    22
         Chain mail        |       |    57 |    94 |    91 |       ||   242
         Plate armour      |       |       |       |    68 |   264 ||   332
  Dodge: Dodged            |    42 |    76 |    65 |    94 |    85 ||   362
  Block: Kite shield       |       |       |       |    70 |   239 ||   309
         Buckler           |       |       |       |     2 |       ||     2
